 Dungeon Crawl Stone Soup version 0.21-a0-79-g04744e2 (webtiles) character file.

31 Alarkh the Chopper (level 3, 27/27 HPs)
             Began as a Demonspawn Skald on June 22, 2017.
             Was an Initiate of Okawaru.
             Got out of the dungeon alive.
             The game lasted 00:01:51 (1154 turns).

Alarkh the Chopper (Demonspawn Skald)               Turns: 1154, Time: 00:01:53

Health: 27/27      AC:  5    Str: 11    XL:     3   Next: 7%
Magic:  6/6        EV: 10    Int: 15    God:    Okawaru [......]
Gold:   48         SH:  0    Dex: 12    Spells: 5/6 levels left

rFire    . . .     SeeInvis .   a - +2 hand axe
rCold    . . .     Gourm    .   (no shield)
rNeg     . . .     Faith    .   f - +0 ring mail
rPois    .         Spirit   +   (no helmet)
rElec    .         Reflect  .   (no cloak)
rCorr    .         Harm     .   (no gloves)
MR       .....                  (no boots)
Stlth    +.........             (no amulet)
HPRegen  0.09/turn              (no ring)
MPRegen  0.20/turn              (no ring)

@: no status effects
A: magic shield, magic regeneration
a: Renounce Religion


You escaped.
You worshipped Okawaru.
Okawaru was noncommittal.
You were not hungry.

You visited 1 branch of the dungeon, and saw 2 of its levels.

You collected 48 gold pieces.

Inventory:

Hand Weapons
 a - a +2 hand axe (weapon)
Armour
 b - a +0 leather armour
 f - a +0 ring mail (worn)
Scrolls
 e - a scroll of identify
 g - a scroll of teleportation
 h - a scroll of random uselessness {unknown}
 i - a scroll of enchant armour {unknown}
Potions
 j - a potion of might
 k - a potion of flight {unknown}
Books
 c - a book of Battle

   Spells                             Type                      Level
   a - Infusion                       Charms                       1
   b - Shroud of Golubria             Charms/Translocation         2
   c - Song of Slaying                Charms                       2
   d - Spectral Weapon                Hexes/Charms                 3
   e - Regeneration                   Charms/Necromancy            3
Comestibles
 d - 2 bread rations


   Skills:
 - Level 2.0 Fighting
 + Level 3.2 Axes
 - Level 0.8 Armour
 - Level 1.7 Dodging
 - Level 2.0 Spellcasting
 - Level 2.6 Charms


You had 5 spell levels left.
You knew the following spells:

 Your Spells              Type           Power        Failure   Level  Hunger
a - Infusion              Chrm           #...         19%         1    #......


Dungeon Overview and Level Annotations

Branches:
Dungeon (2/15)

Altars:
Okawaru


Innate Abilities, Weirdness & Mutations

When hurt, damage is shared between your health and your magic reserves.
You regenerate magic rapidly.


Message History

No target in view!
No target in view!
No target in view!
No target in view!
No target in view!
No target in view!
No target in view!
No target in view!
No target in view!
No target in view!
No target in view!
Things that are here:
a stone; a club; a hobgoblin skeleton
There is a stone staircase leading up here.
You climb upwards.
There is a stone staircase leading down here.
There is an open door here.
There is a staircase leading out of the dungeon here.
Are you sure you want to leave the Dungeon?
This will make you lose the game!
You have escaped!

#.######..##.#.#
#.#..........#.#
########.#.#####....#.#
#........#.# #....#.#
#.######...# #....#.#
#.##############.#..#.#
#.'...≈≈≈≈≈...'..#..#.#
####..#####..##..#..#.###
#..♣♣P@P♣♣..##.........
##..♣♣.♣♣..#####..#.###
♣.........♣#....>.....
♣.♣.≈≈≈.♣.♣#####.#.###
♣..≈≈8≈≈..♣ #.#.#
♣.♣.≈≈≈.♣.♣ #.###
♣.........♣ #.#
##..♣♣)♣♣..## #.#
#..♣♣P>P♣♣..# #.#####


There were no monsters in sight!

Vanquished Creatures
  An adder (D:1)
  A worm (D:2)
  A bat (D:2)
  5 hobgoblins
  4 kobolds
  A quokka (D:2)
  2 frilled lizards
  4 rats
19 creatures vanquished.

Notes
Turn   | Place    | Note
-------+----------+-------------------------------------------
     0 | D:1      | Alarkh the Demonspawn Skald began the quest for the Orb.
     0 | D:1      | Reached XP level 1. HP: 16/16 MP: 3/3
   330 | D:1      | Reached skill level 2 in Axes
   673 | D:1      | Gained mutation: When hurt, damage is shared between your health and your magic reserves. [demonic ancestry]
   673 | D:1      | Reached XP level 2. HP: 21/22 MP: 5/5
   697 | D:2      | Found an iron altar of Okawaru.
   709 | D:2      | Reached skill level 3 in Axes
   716 | D:2      | Became a worshipper of Warmaster Okawaru
   939 | D:2      | Gained mutation: You regenerate magic rapidly. [demonic ancestry]
   939 | D:2      | Reached XP level 3. HP: 20/27 MP: 4/6
  1154 | D:$      | Got out of the dungeon alive.

Vault maps used:
D:1:      tarquinn_simple_flora_water_b
D:2:      first_bread, okawaru_trees_2, uniq_terence

Skill      XL: |  1  2 |
---------------+-------+-----
Axes           | 2 3 |  3.2
Fighting       | |  2.0
Armour         | |  0.8
Dodging        | |  1.7
Spellcasting   | |  2.0
Charms         | |  2.6

Action                   || total
-------------------------++-------
Melee: Hand axe          ||    62
 Cast: Infusion          ||     1
  Use: Scroll            ||     4
       Potion            ||     1
  Eat: Chunk             ||     1
Armor: Ring mail         ||    25
Dodge: Dodged            ||    31
